 Dungeon Crawl Stone Soup version 0.28-a0-1227-ga9037bb4c8 (webtiles) character file.

Game seed: 4825099756519774810

247 PlayingRandomsOnly the Vexing (level 5, -8/21 HPs)
             Began as a Felid Enchanter on Dec 22, 2021.
             Shot with an arrow by a centaur (13 damage)
             ... on level 4 of the Dungeon.
             The game lasted 00:34:57 (5157 turns).

PlayingRandomsOnly the Vexing (Felid Enchanter)     Turns: 5157, Time: 00:34:57

Health: -8/21      AC:  2    Str:  4    XL:     5   Next: 85%
Magic:  10/10      EV: 18    Int: 19    God:
Gold:   236        SH:  0    Dex: 16    Spells: 2/10 levels left
                                        Lives:  0   Deaths: 1

rFire   . . .      SeeInvis +     - Unarmed
rCold   . . .      Faith    .   (shield unavailable)
rNeg    . . .      Spirit   .   (armour unavailable)
rPois   .          Reflect  .   (helmet unavailable)
rElec   .          Harm     .   (cloak unavailable)
rCorr   .          Rampage  .   (gloves unavailable)
Will    .....                   (boots unavailable)
Stlth   +++.......              (no amulet)
HPRegen 0.07/turn               h - ring of wizardry
MPRegen 0.12/turn               (no ring)

@: invisible, quick
A: very small, claws 1, fangs 3, see invisible, speed 1, shaggy fur 2, stealthy
paws, no weapons or thrown items, no armour, multi-lived
a: no special abilities


You were on level 4 of the Dungeon.
You visited 1 branch of the dungeon, and saw 4 of its levels.
You also visited: Sewer.

You collected 236 gold pieces.

Inventory:

Jewellery
 h - a ring of wizardry (left paw)
Scrolls
 d - 4 scrolls of identify {unknown}
 f - a scroll of torment {unknown}
 i - a scroll of enchant weapon {unknown}
 j - 2 scrolls of teleportation {unknown}
Potions
 b - a potion of curing {unknown}
 c - 2 potions of might {unknown}
 e - 3 potions of haste
 g - a potion of heal wounds {unknown}
 k - a potion of berserk rage {unknown}


   Skills:
 + Level 4.1 Dodging
 - Level 6.0 Stealth
 + Level 4.3 Unarmed Combat
 * Level 3.1 Spellcasting
 - Level 6.2 Hexes


You had 2 spell levels left.
You knew the following spells:

 Your Spells              Type           Power      Damage    Failure   Level
a - Tukima's Dance        Hex            26%        N/A       1%          3
b - Dazzling Flash        Conj/Hex       28%        N/A       5%          3
c - Ensorcelled Hibernat  Hex/Ice        28%        N/A       2%          2

Your spell library contained the following spells:

 Spells                   Type           Power      Damage    Failure   Level
 Confusing Touch          Hex            26%        N/A       1%          3


Dungeon Overview and Level Annotations

Branches:
Dungeon (4/15)              Sewer (visited)
 Temple: D:4-7

Altars:


Innate Abilities, Weirdness & Mutations

You have sharp claws.
You have razor-sharp teeth.
You have supernaturally acute eyesight. (SInv)
You cover ground quickly. (Speed+)
You are covered in thick fur. (AC +2)
Your paws help you pounce on unaware monsters.
You are incapable of wielding weapons or throwing items.
You cannot wear armour.
You gain extra lives every three experience levels.


Message History

A gnoll comes into view. It is wielding a +0 flail.
You hear an angry growl. 2 gnolls come into view.
Found a stone staircase leading down.
The gnoll shouts! x3
You hear an angry growl.
You open the door. The gnoll barely misses you.
An ogre comes into view. It is wielding a +0 giant club.
There is an open door here.
Press: ? - help, v - describe, . - travel A rock wall.
The ogre shouts!
Press: ? - help, v - describe, . - travel
Here: an ogre, wielding a +0 giant club The floor.
You open the door.
A centaur comes into view.
The centaur shouts!
The centaur wields a +0 shortbow.
The centaur shoots an arrow.
The arrow completely misses you. The ogre hits you with a +0 giant club!
Ouch! That really hurt!
* * * LOW HITPOINT WARNING * * *
You hear an angry hiss.
Okay, then.
You fade into invisibility!
The ogre misses you.
An adder comes into view.
Found a runed hat and 10 gold pieces.
There is an open door here.
The centaur shoots an arrow.
The arrow closely misses you.
The centaur shoots an arrow.
The centaur shoots an arrow.
The centaur shoots an arrow.
The centaur shoots an arrow.
The centaur shoots an arrow.
The arrow misses you.
The centaur shoots an arrow.
The arrow closely misses you.
The centaur shoots an arrow.
The arrow misses you.
The centaur shoots an arrow.
The arrow hits you!
Ouch! That really hurt!
You die...

#........##'####
.####..........# ..
#..........+ #..........##
#..............
#..............
#..............
#.............. #########
#####@.........####
#.......# #....#+#########
#.......# #....#...
#.......####....#.>.
#...$[..........#..#
#........c......#..#######
#........O..##+##..##....#
#....g......#...#........#
#...........+...#..##....#


You could see an ogre and a centaur.

Vanquished Creatures
  Pargi (D:3)
  A sky beast (D:4)
  Blork the orc (D:4)
  An iguana (D:4)
  An orc wizard (D:4)
  3 gnolls
  5 adders
  4 worms
  A dart slug (D:4)
  8 orcs
  5 ball pythons
  6 bats
  4 endoplasms
  7 giant cockroaches
  11 hobgoblins
  5 kobolds
  3 quokkas (D:1)
  8 frilled lizards
  5 goblins
  6 rats
86 creatures vanquished.

Vanquished Creatures (collateral kills)
  A gnoll (D:2)
1 creature vanquished.

Grand Total: 87 creatures vanquished

Notes
Turn   | Place    | Note
-------+----------+-------------------------------------------
     0 | D:1      | PlayingRandomsOnly the Felid Enchanter began the quest for
                  | the Orb.
     0 | D:1      | Reached XP level 1. HP: 7/7 MP: 4/4
   466 | D:1      | Reached XP level 2. HP: 11/11 MP: 6/6
   469 | D:1      | Learned a level 2 spell: Ensorcelled Hibernation
  1642 | D:1      | Reached skill level 5 in Stealth
  1938 | D:2      | Reached skill level 5 in Hexes
  1938 | D:2      | Reached XP level 3. HP: 14/14 MP: 7/7
  2186 | D:2      | Learned a level 3 spell: Tukima's Dance
  2370 | D:2      | Reached XP level 4. HP: 11/18 MP: 4/8
  3417 | D:3      | Reached XP level 5. HP: 18/21 MP: 6/9
  3588 | D:3      | Found a glowing drain.
  3687 | Sewer    | Entered a sewer
  3729 | Sewer    | Learned a level 3 spell: Dazzling Flash
  3759 | Sewer    | Noticed Pargi
  3917 | D:3      | HP: 1/21 [Pargi (7)]
  3919 | D:3      | Killed Pargi
  4518 | D:3      | Gained mutation: You are covered in thick fur. (AC +2)
                  | [Felid growth]
  4518 | D:3      | Reached XP level 6. HP: 24/24 MP: 7/10
  4685 | D:4      | Noticed a steam dragon
  4711 | D:4      | Noticed Blork the orc
  4717 | D:4      | Killed Blork the orc
  4722 | D:4      | Noticed a sky beast
  4730 | D:4      | Killed a sky beast
  5113 | D:4      | Slain by a black bear
  5114 | D:4      | Reached XP level 5. HP: 0/21 MP: 7/10
  5127 | D:4      | Noticed an ogre
  5135 | D:4      | Noticed a centaur
  5157 | D:4      | Shot with an arrow by a centaur

Illustrated notes

Levels and vault maps discovered:
D:1:      dpeg_arrival_rooms_a, layout_loops_corners
D:2:      layout_basic
D:3:      layout_rooms, portal_sewer_entry_b
D:4:      minmay_spotlight, layout_gridville, marbit_many_paths,
          minmay_temple_entry_fiery, uniq_blork_the_orc

Skill      XL: |  1  2  3  4  5  6 |
---------------+-------------------+-----
Stealth        | 5 6 |  6.0
Hexes          | 5 6 |  6.2
Unarmed Combat | 2 3 4 |  4.3
Dodging        | 3 4 |  4.1
Spellcasting   | 3 |  3.1

Action                   |  1- 3 |  4- 6 || total
-------------------------+-------+-------++-------
Melee: Unarmed           |    93 |   157 ||   250
       Bite              |     5 |    12 ||    17
       Punch             |       |     1 ||     1
 Cast: Ensorcelled Hiber |    20 |    54 ||    74
       Tukima's Dance    |     3 |     3 ||     6
       Dazzling Flash    |       |     5 ||     5
  Use: Potion            |       |     1 ||     1
 Stab: Sleeping          |    20 |    36 ||    56
       Invisible         |       |     2 ||     2
Armor: Skin              |     5 |     8 ||    13
Dodge: Dodged            |    65 |   165 ||   230

Table legend: (Time is in decaauts)
 A = Elapsed time spent in this place.
 B = Non-inter-level travel time spent in this place.
 C = Inter-level travel time spent in this place.
 D = Time resting spent in this place.
 E = Time spent auto-exploring this place.
 F = Levels seen in this place.
 G = Mean time per level.
                   A        B        C        D        E       F      G
               +--------+--------+--------+--------+--------+-----+--------+
         Total |   4628 |   4458 |    170 |   1838 |   1013 |   5 |  925.6 |
       Dungeon |   4436 |   4266 |    170 |   1832 |   1013 |   4 | 1109.0 |
         Sewer |    192 |    192 |      0 |      6 |      0 |   1 |  192.0 |
               +--------+--------+--------+--------+--------+-----+--------+

Top non-repeatable levels by time:
     D:1: 1833 daAuts
     D:3: 1186 daAuts
     D:2: 1175 daAuts
     D:4: 240 daAuts
   Sewer: 192 daAuts
